 Dungeon Crawl Stone Soup version 0.24.0-2-g5b39cebb1c (webtiles) character file.

Game seed: 17813955248267531518, levelgen mode: deterministic

16120 bl3nd3r the Severer (level 12, -11/112 HPs)
             Began as a Minotaur Berserker on Oct 30, 2019.
             Was a High Priest of Trog.
             Mangled by a death yak (22 damage)
             ... on level 3 of the Lair of Beasts.
             The game lasted 00:49:35 (15891 turns).

bl3nd3r the Severer (Minotaur Berserker)           Turns: 15891, Time: 00:49:35

Health: -11/112    AC: 11    Str: 30    XL:     12   Next: 7%
Magic:  11/11      EV: 13    Int:  4    God:    Trog [*****.]
Gold:   637        SH:  0    Dex: 10    Spells: 11/11 levels left

rFire    . . .     SeeInvis .   a - +0 war axe
rCold    . . .     Gourm    +   (no shield)
rNeg     . . .     Faith    .   n - +3 leather armour
rPois    +         Spirit   .   (helmet restricted)
rElec    .         Reflect  .   G - +0 cloak
rCorr    .         Harm     .   p - +1 pair of gloves
MR       ++...                  (no boots)
Stlth    +.........             F - amulet of the gourmand
HPRegen  1.28/turn              K - +3 ring of strength
MPRegen  0.12/turn              Q - ring of poison resistance

@: regenerating
A: retaliatory headbutt, horns 2
a: Berserk, Trog's Hand, Brothers in Arms, Renounce Religion


You were on level 3 of the Lair of Beasts.
You worshipped Trog.
Trog was extremely pleased with you.
You were full.

You visited 2 branches of the dungeon, and saw 13 of its levels.
You also visited: Sewer and Ossuary.

You collected 637 gold pieces.

Inventory:

Hand Weapons
 a - a +0 war axe (weapon)
 b - the +1 morningstar "Loddipp" {flame, Str+3 Int+3}
   (You found it on level 1 of the Lair of Beasts)

   It has been specially enchanted to burn those struck by it, causing extra
   injury to most foes and up to half again as much damage against particularly
   susceptible opponents.
   It affects your strength (+3).
   It affects your intelligence (+3).
 g - a +1 hand axe
 O - a +3 dire flail
Armour
 n - a +3 leather armour (worn)
 p - a +1 pair of gloves (worn)
 G - a +0 cloak (worn)
Jewellery
 f - an uncursed amulet of magic regeneration
 w - an uncursed amulet of harm
 F - an amulet of the gourmand (around neck)
 J - an uncursed ring of protection from fire
 K - a +3 ring of strength (left hand)
 M - a +1 ring of protection
 N - a cursed -2 ring of intelligence {unknown}
 P - an uncursed ring of magical power
 Q - a ring of poison resistance (right hand)
Wands
 B - a wand of polymorph (9)
 I - a wand of digging (6)
Scrolls
 d - 6 scrolls of enchant weapon
 e - 2 scrolls of magic mapping
 h - 4 scrolls of remove curse
 j - 4 scrolls of teleportation
 k - 5 scrolls of noise
 l - 5 scrolls of enchant armour
 y - a scroll of amnesia
 A - 2 scrolls of identify
 E - 2 scrolls of fog
 H - a scroll of fear {unknown}
 L - a scroll of summoning {unknown}
 R - a scroll of silence {unknown}
Potions
 i - 4 potions of cancellation
 m - a potion of heal wounds {unknown}
 o - 8 potions of curing
 q - 3 potions of brilliance
 r - 2 potions of ambrosia {unknown}
 s - 5 potions of mutation
 t - 2 potions of invisibility {unknown}
 u - 2 potions of agility {unknown}
 v - 4 potions of flight {unknown}
 x - 3 potions of haste
 z - a potion of lignification {unknown}
 C - a potion of might {unknown}
 D - 2 potions of magic {unknown}
Comestibles
 c - 22 rations


   Skills:
 + Level 12.0 Fighting
 * Level 15.9 Axes
 + Level 11.7 Armour
 + Level 4.3 Dodging


You had 11 spell levels left.
You didn't know any spells.
Your spell library was empty.

Dungeon Overview and Level Annotations

Branches:
Dungeon (10/15)            Temple (0/1) D:6            Lair (3/6) D:10
 Shoals (0/4) Lair:2       Spider (0/4) Lair:2        Sewer (visited)
Ossuary (visited)
    Orc: D:9-12

Altars:
Ashenzari
Fedhas
Gozag
Ru
Vehumet
Xom
Yredelemnul

Shops:
D:6 }   D:9 [


Innate Abilities, Weirdness & Mutations

You reflexively headbutt those who attack you in melee.
You have a pair of horns on your head.


Message History

You hit the bush but do no damage. You hit the hippogriff.
You hit the death yak but do no damage. You barely miss the death yak.
You slash the death yak! The basilisk misses you.
The hippogriff bites you but does no damage.
The hippogriff closely misses you. The hippogriff claws you.
The death yak barely misses you. You furiously retaliate!
You headbutt the death yak. The death yak gores you.
* * * LOW HITPOINT WARNING * * *
The death yak gores you!!
* * * LOW HITPOINT WARNING * * *
Your skin crawls.
You feel resistant to hostile enchantments.
You feel somewhat less full. The basilisk closely misses you.
The hippogriff bites you but does no damage.
The hippogriff pecks you but does no damage.
The hippogriff claws you but does no damage.
The death yak gores you.
* * * LOW HITPOINT WARNING * * *
The death yak gores you!!
You die...

#........... ##
#.<........# P#.#
#..........# ....## #
##P.......##.
P....##.###........##
# #.....##....##..###
#####........##.##.#
#.$...lPH..#########
#......@Y.#.#
##.....YY.....#
#.......r....#
#............#
#P......?......#
###..........?..
##............#
#....(......


You could see 3 death yaks, a hippogriff, a basilisk and a porcupine.

Vanquished Creatures
  A two-headed ogre (D:10)
  A manticore (Lair:2)
  2 black mambas
  Joseph (D:7)
  5 spiny frogs
  2 komodo dragons
  A troll (D:10)
  A hornet (D:9)
  A polar bear (Lair:2)
  7 hippogriffs
  Prince Ribbit (D:9)
  4 blink frogs (Lair:2)
  A redback (Lair:2)
  2 wraiths (D:10)
  A wyvern (D:10)
  12 yaks
  A basilisk (Lair:1)
  9 water moccasins
  4 porcupines
  An orc warrior (D:9)
  A sky beast (D:9)
  2 black bears
  A hornet zombie (D:10)
  An ice beast (D:9)
  6 ogres
  A phantom (D:7)
  A centaur (D:10)
  10 wolves
  9 crocodiles
  2 big kobolds
  13 bullfrogs
  A gnoll sergeant (D:9)
  3 scorpions
  3 killer bees (D:8)
  9 wights
  5 crimson imps
  A centaur zombie (D:5)
  5 orc priests
  4 hounds
  A centaur skeleton (D:4)
  A bullfrog skeleton (D:10)
  A human zombie (D:5)
  7 orc wizards
  2 iguanas
  6 worker ants
  A hound zombie (D:9)
  3 hound skeletons
  A worker ant zombie (D:9)
  A howler monkey zombie (D:9)
  3 mummies (Ossuary)
  Robin (D:3)
  3 gnolls (D:9)
  11 adders
  3 river rats
  2 shadow imps (D:6)
  3 adder zombies (Ossuary)
  A worm zombie (D:5)
  A dart slug (D:3)
  8 leopard geckos
  20 orcs
  4 giant cockroaches
  4 hobgoblins
  6 jackals
  3 quokkas
  2 ball pythons
  11 bats
  4 frilled lizards
  10 goblins
  2 goblin zombies (Ossuary)
  A hobgoblin zombie (Ossuary)
  A jackal skeleton (D:4)
  16 kobolds
  3 kobold zombies (Ossuary)
  5 quokka zombies (Ossuary)
  11 rats
  4 rat zombies (Ossuary)
303 creatures vanquished.

Vanquished Creatures (others)
  A fungus (Lair:2)
  2 plants
3 creatures vanquished.

Grand Total: 306 creatures vanquished

Notes
Turn   | Place    | Note
-------+----------+-------------------------------------------
     0 | D:1      | bl3nd3r the Minotaur Berserker began the quest for the Orb.
     0 | D:1      | Reached XP level 1. HP: 19/19 MP: 0/0
   204 | D:1      | Reached skill level 4 in Axes
   204 | D:1      | Reached XP level 2. HP: 23/27 MP: 1/1
   956 | D:2      | Reached XP level 3. HP: 29/33 MP: 2/2
  1260 | D:2      | Reached ** piety under Trog
  1499 | D:3      | Found a shattered altar of Ashenzari.
  1508 | D:3      | Reached skill level 5 in Axes
  1508 | D:3      | Reached XP level 4. HP: 34/41 MP: 3/3
  1801 | D:3      | Reached XP level 5. HP: 21/47 MP: 4/4
  2363 | D:3      | Noticed Robin
  2372 | D:3      | Killed Robin
  2514 | D:3      | Reached skill level 6 in Axes
  2518 | D:3      | Reached skill level 5 in Fighting
  2708 | D:4      | Reached XP level 6. HP: 44/56 MP: 5/5
  2938 | D:4      | Reached skill level 7 in Axes
  2965 | D:4      | Reached *** piety under Trog
  2974 | D:4      | Found a glowing drain.
  2985 | Sewer    | Entered a sewer
  3177 | Sewer    | Reached skill level 5 in Armour
  3177 | Sewer    | Reached XP level 7. HP: 58/62 MP: 6/6
  3200 | Sewer    | Found a white marble altar of Elyvilon.
  3844 | D:5      | Entered Level 5 of the Dungeon
  3897 | D:5      | Found a sand-covered staircase.
  3979 | Ossuary  | Entered an ossuary
  3988 | Ossuary  | Reached skill level 8 in Axes
  4374 | D:5      | Reached **** piety under Trog
  4532 | D:5      | Found a radiant altar of Vehumet.
  4549 | D:5      | Found a basalt altar of Yredelemnul.
  4550 | D:5      | Found a sacrificial altar of Ru.
  4554 | D:5      | Found a shimmering altar of Xom.
  4631 | D:5      | Reached XP level 8. HP: 71/71 MP: 7/7
  4633 | D:5      | Reached skill level 9 in Axes
  5000 | D:5      | Found a blossoming altar of Fedhas.
  5130 | D:6      | Found a staircase to the Ecumenical Temple.
  5744 | D:6      | Found Atta Uth's Gadget Emporium.
  5939 | D:7      | Reached skill level 10 in Axes
  6142 | D:7      | Noticed Joseph
  6155 | D:7      | Killed Joseph
  6464 | D:7      | Reached XP level 9. HP: 65/81 MP: 8/8
  6679 | D:8      | Reached skill level 11 in Axes
  8118 | D:9      | Found an opulent altar of Gozag.
  8487 | D:9      | Reached skill level 12 in Axes
  8709 | D:9      | Noticed Prince Ribbit
  8719 | D:9      | Killed Prince Ribbit
  8762 | D:9      | Found Nuacisuo's Armour Emporium.
  8855 | D:9      | Reached XP level 10. HP: 80/91 MP: 9/9
  9391 | D:9      | Reached skill level 13 in Axes
  9715 | D:10     | Entered Level 10 of the Dungeon
  9884 | D:10     | Noticed a two-headed ogre
  9902 | D:10     | Killed a two-headed ogre
  9902 | D:10     | Reached skill level 10 in Fighting
 10265 | D:10     | Reached skill level 10 in Armour
 10658 | D:10     | Found a staircase to the Lair.
 10696 | D:10     | Reached skill level 14 in Axes
 11317 | Lair:1   | Entered Level 1 of the Lair of Beasts
 11511 | Lair:1   | Noticed a spiny frog
 11519 | Lair:1   | Killed a spiny frog
 11519 | Lair:1   | Reached XP level 11. HP: 77/101 MP: 10/10
 12693 | Lair:1   | Got a translucent morningstar
 12694 | Lair:1   | Identified the cursed +1 morningstar "Loddipp" {flame,
                  | Str+3 Int+3} (You found it on level 1 of the Lair of
                  | Beasts)
 12734 | Lair:1   | Reached ***** piety under Trog
 13083 | Lair:1   | Reached skill level 15 in Axes
 13284 | Lair:2   | Found a hole to the Spider Nest.
 14769 | Lair:2   | Reached XP level 12. HP: 61/112 MP: 11/11
 15056 | Lair:2   | Found a staircase to the Shoals.
 15876 | Lair:3   | Noticed a death yak
 15877 | Lair:3   | Noticed a death yak
 15878 | Lair:3   | Noticed a death yak
 15891 | Lair:3   | Mangled by a death yak

Levels and vault maps discovered:
D:1:      minmay_arrival_arboretum_small, layout_basic
D:2:      layout_rooms, grunt_decor_one_mirror
D:3:      layout_loops_ring, overflow_temple_1_default, first_ration, uniq_robin
D:4:      layout_rooms, gup_sewer_entry_bubbles, serial_bayou,
          serial_bayou_shore_a, serial_bayou_lagoon_a, serial_bayou_crossing,
          serial_bayou_lagoon_b
D:5:      layout_rooms, fedhas_altar_4, minitemple, enter_ossuary_3
D:6:      layout_loops_ring, minmay_temple_entry_butterflies, serial_shops,
          nicolae_shop_statue_plus
D:7:      layout_rooms, grunt_ogre_cave, uniq_joseph
D:8:      layout_gridville, small_statue_intersection
D:9:      layout_roguey, nicolae_gozag_seed_capital, serial_shops,
          kennysheep_mini, hangedman_decor_push, uniq_prince_ribbit1
D:10:     layout_roguey, lair_entry_dummy
Lair:1:   layout_gridlike, nicolae_quartered_pool_super, nzn_random_ring,
          grunt_megastairs_5
Lair:2:   layout_chaotic_city, minmay_shoals_entry_beasts,
          spider_nest_entry_webs, minmay_holes, minivault_27, st_stairs_9,
          cheibrodos_lair_caveside_slide, minivault_11
Lair:3:   layout_cave_pods, chequers_serial_rivers_micro_b, grunt_megastairs_2,
          minmay_lair_oklob_chamber, infiniplex_staircase_pool_2

Skill      XL: |  1  2  3  4  5  6  7  8  9 10 11 12 |
---------------+-------------------------------------+-----
Axes           | 4 5 6 7 8 10 12 14 15 | 15.9
Fighting       | 4 5 6 7 9 10 11 12 | 12.0
Armour         | 3 4 5 6 7 8 10 11 | 11.7
Dodging        | 4 |  4.3

Action                   |  1- 3 |  4- 6 |  7- 9 | 10-12 || total
-------------------------+-------+-------+-------+-------++-------
Melee: Hand axe          |    55 |   153 |   333 |   174 ||   715
       Headbutt          |     8 |    18 |    66 |   108 ||   200
       War axe           |       |       |       |   245 ||   245
       Dire flail        |       |       |       |     2 ||     2
Invok: Trog's Hand       |       |     2 |     2 |     3 ||     7
       Berserk           |       |       |     3 |     6 ||     9
  Use: Scroll            |     3 |     4 |     6 |     5 ||    18
  Eat: Chunk             |     2 |     6 |    18 |    34 ||    60
       Ration            |       |       |     1 |       ||     1
Armor: Animal skin       |     5 |       |       |       ||     5
       Leather armour    |    15 |    50 |   115 |   155 ||   335
Dodge: Dodged            |    52 |    85 |   183 |   216 ||   536
